 Dungeon Crawl Stone Soup version 0.27.0-1-g7a089689b8 (webtiles) character file.

Game seed: 11042663020327273485

99 Lochraine the Caller (level 5, -3/35 HPs)
             Began as a Human Summoner on Aug 12, 2021.
             Slain by an ogre (11 damage)
             ... on level 3 of the Dungeon.
             The game lasted 00:07:25 (4708 turns).

Lochraine the Caller (Human Summoner)               Turns: 4708, Time: 00:07:25

Health: -3/35      AC:  3    Str:  8    XL:     5   Next: 2%
Magic:  0/10       EV: 12    Int: 17    God:
Gold:   135        SH:  0    Dex: 13    Spells: 7/10 levels left

rFire    . . .     SeeInvis .   m - +2 short sword (venom)
rCold    . . .     Faith    .   (no shield)
rNeg     . . .     Spirit   +   a - +0 robe
rPois    .         Reflect  .   (no helmet)
rElec    .         Harm     .   (no cloak)
rCorr    .         Rampage  .   q - +0 pair of gloves
Will     .....                  (no boots)
Stlth    ++........             r - amulet of guardian spirit
HPRegen  0.11/turn              (no ring)
MPRegen  0.12/turn              (no ring)

@: no status effects
A: no striking features
a: no special abilities


You were on level 3 of the Dungeon.
You visited 1 branch of the dungeon, and saw 4 of its levels.

You collected 135 gold pieces.

Inventory:

Hand Weapons
 g - a +0 dagger
   (You took it off a kobold on level 1 of the Dungeon)
 h - a +0 dagger of flaming
   (You found it on level 1 of the Dungeon)
 m - a +2 short sword of venom (weapon)
   (You took it off a kobold on level 2 of the Dungeon)
Missiles
 d - 3 curare-tipped darts
Armour
 a - a +0 robe (worn)
 f - +0 fire dragon scales
   (You found it on level 1 of the Dungeon)
 q - a +0 pair of gloves (worn)
   (You found it on level 2 of the Dungeon)
 w - a +2 hat
   (You found it on level 3 of the Dungeon)
Jewellery
 r - an amulet of guardian spirit (around neck)
   (You found it on level 2 of the Dungeon)
Scrolls
 c - a scroll of magic mapping {unknown}
 e - a scroll of blinking {unknown}
 i - a scroll of enchant weapon {unknown}
 j - a scroll of identify {unknown}
 k - a scroll of noise {unknown}
 n - a scroll of torment {unknown}
 o - a scroll of amnesia {unknown}
 u - a scroll of silence {unknown}
Potions
 b - 2 potions of lignification {!q}
 l - a potion of curing {unknown}
 p - 2 potions of flight {unknown}
 s - a potion of cancellation {unknown}
 t - a potion of haste {unknown}
 v - a potion of invisibility {unknown}


   Skills:
 - Level 2.0 Dodging
 - Level 2.0 Stealth
 + Level 3.4 Spellcasting
 + Level 5.0 Summonings


You had 7 spell levels left.
You knew the following spells:

 Your Spells              Type           Power      Damage    Failure   Level
a - Summon Small Mammal   Summ           80%        N/A       1%          1
b - Call Imp              Summ           20%        N/A       3%          2

Your spell library contained the following spells:

 Spells                   Type           Power      Damage    Failure   Level
 Call Canine Familiar     Summ           20%        N/A       6%          3
 Summon Guardian Golem    Hex/Summ       11%        N/A       19%         3
 Sublimation of Blood     Necr           1%         N/A       26%         2
 Summon Lightning Spire   Summ/Air       11%        N/A       52%         4
 Petrify                  Tmut/Erth      2%         N/A       86%         4
 Irradiate                Conj/Tmut      1%         3d14      99%         5


Dungeon Overview and Level Annotations

Branches:
Dungeon (4/15)
 Temple: D:4-7

Altars:
Elyvilon

Annotations:
D:3 Sigmund


Message History

Your quokka dies!
Your quokka's corpse disappears in a puff of smoke!
You don't have enough magic to cast this spell.
The kobold hits you with a +1 short sword of freezing.
* * * LOW HITPOINT WARNING * * *
The kobold freezes you.
* * * LOW HITPOINT WARNING * * *
You swap places.
Your bat hits the kobold but does no damage.
Your bat barely misses the kobold.
The kobold barely misses your bat.
Your bat closely misses the kobold.
Here: a kobold, wielding a +1 short sword of freezing and quivering stones (ally target)
The floor.
Unknown command.
Unknown command.
Throw: 3 darts (curare)
Aim: a kobold, wielding a +1 short sword of freezing and quivering stones (ally target, 47% to hit)
You throw a curare-tipped dart. The curare-tipped dart hits the kobold.
The kobold is poisoned.
The kobold convulses.
You kill the kobold!
d - 3 curare-tipped darts (gained 1)
Things that are here:
a +1 short sword of freezing; 3 stones You start resting.
Your bat disappears in a puff of smoke!
You start resting.
There is a stone staircase leading down here.
You climb downwards.
An adder skeleton comes into view.
The ogre hits you with a +0 giant spiked club!!
Ouch! That really hurt!
* * * LOW HITPOINT WARNING * * *
The adder skeleton barely misses you. The adder skeleton bites you.
* * * LOW HITPOINT WARNING * * *
There is a stone staircase leading up, spattered with blood here.
The adder skeleton barely misses you.
The ogre hits you with a +0 giant spiked club!!
* * * LOW HITPOINT WARNING * * *
The adder skeleton closely misses you. x2
You climb upwards.
Level annotation: Sigmund
There is a stone staircase leading down here.
Things that are here:
3 stones; a +1 short sword of freezing
Okay, then.
You see here a +0 club.
The ogre completely misses you.
The ogre hits you with a +0 giant spiked club!
You die...

#................#
#....#....#
#...............##
#....#....#
#........#...<.##
#....#....#
####.[.###...######
#....#....# .##...## #...#
#....###### .#...## #...##
#....# .....#
#....#########....# .#..##
#.......#......#.##
.#..#######.####@#.######.#
............#...rO).## #.#
..#.....#####.#####..## #.#
..##.#.........#####..# #.#
#....####..###...####.# #.#
#..### #..# ###......# #.#
#..# #..# ######.# #.# ...#
#..## ### #.# #########...#
##########.#


You could see an ogre (ally target) and a friendly quokka (summoned).

Vanquished Creatures
  A worm (D:3)
  A dart slug (D:2)
  5 bats
  An endoplasm (D:2)
  3 giant cockroaches
  3 goblins
  7 hobgoblins
  5 jackals (D:2)
  4 kobolds
  2 quokkas (D:2)
  A ball python (D:2)
  2 frilled lizards (D:2)
  3 rats
38 creatures vanquished.

Vanquished Creatures (collateral kills)
  A jelly (D:3)
  Jessica (D:3)
  An adder (D:2)
  2 bats
  3 endoplasms
  2 goblins
  2 hobgoblins (D:1)
  3 kobolds
  2 quokkas (D:1)
  2 ball pythons (D:1)
  2 frilled lizards (D:1)
  2 rats
23 creatures vanquished.

Grand Total: 61 creatures vanquished

Notes
Turn   | Place    | Note
-------+----------+-------------------------------------------
     0 | D:1      | Lochraine the Human Summoner began the quest for the Orb.
     0 | D:1      | Reached XP level 1. HP: 13/13 MP: 3/3
   544 | D:1      | Reached XP level 2. HP: 9/19 MP: 1/5
   706 | D:1      | Learned a level 2 spell: Call Imp
  2190 | D:2      | Found a white marble altar of Elyvilon.
  2227 | D:2      | Reached XP level 3. HP: 24/24 MP: 6/6
  3282 | D:2      | Reached XP level 4. HP: 24/30 MP: 5/8
  3796 | D:3      | Noticed Jessica
  3806 | D:3      | Killed Jessica
  4041 | D:3      | Noticed Sigmund
  4224 | D:3      | Found a faded altar of an unknown god.
  4390 | D:4      | Noticed an ogre
  4445 | D:4      | Noticed an ogre
  4451 | D:3      | Reached skill level 5 in Summonings
  4451 | D:3      | Reached XP level 5. HP: 16/35 MP: 1/10
  4645 | D:4      | HP: 1/35 [ogre (14)]
  4708 | D:3      | Slain by an ogre

Illustrated notes

Levels and vault maps discovered:
D:1:      sevenhm_arrival_forest_fort_large_2, layout_basic,
          roderic_roman_lattice, nrook_mini_vaults
D:2:      layout_basic, serial_curves, eino_curves_03, eino_curves_04,
          basic_altar, minmay_joined_circles
D:3:      layout_rooms, dreamdust_ecumenical_altar_hidden_monk_grotto,
          uniq_jessica, uniq_sigmund
D:4:      layout_cave_pools

Skill      XL: |  1  2  3  4 |
---------------+-------------+-----
Spellcasting   | 3 |  3.4
Summonings     | 5 |  5.0
Dodging        | |  2.0
Stealth        | |  2.0

Action                   |  1- 3 |  4- 6 || total
-------------------------+-------+-------++-------
Melee: Unarmed           |    66 |       ||    66
       Dagger            |    66 |       ||    66
       Short sword       |    17 |    33 ||    50
Throw: Dart              |       |     1 ||     1
 Cast: Summon Small Mamm |    17 |     6 ||    23
       Call Imp          |    10 |     8 ||    18
  Use: Potion            |     1 |       ||     1
 Stab: Sleeping          |     5 |     1 ||     6
Armor: Robe              |    23 |    13 ||    36
       Skin              |    10 |       ||    10
Dodge: Dodged            |   103 |    33 ||   136
